NYP
EVERETT AQUASOX @ SPOKANE INDIANS
09/12/2049
 
TOP OF THE 1ST
Everett AquaSox batting - Pitching for Spokane Indians : RHP Derek White
Pitching: RHP Derek White
Batting: RHB John Vasquez 0-0: Ball
1-0: Ground out 6-3 (Groundball, 6, EV 110.0 MPH)
Batting: RHB Tomokazu Sugimoto 0-0: Called Strike
0-1: Foul Ball, location: 2F
0-2: SINGLE (Groundball, 4MD, EV 102.5 MPH)
Batting: RHB Bryan Alfaro 0-0: Called Strike
0-1: Ball
1-1: Ball
2-1: Ball
3-1: Fly out, F7 (Flyball, 7LS, EV 87.5 MPH)
Batting: RHB Ivan Davila 0-0: Ball
Tomokazu Sugimoto is caught stealing 2nd base 2-4
Top of the 1st over - 0 runs, 1 hit, 0 errors, 0 left on base; Everett 0 - Spokane 0
BOTTOM OF THE 1ST
Spokane Indians batting - Pitching for Everett AquaSox : RHP Mike Watkins
Pitching: RHP Mike Watkins
Batting: LHB Sumiki Okuhara 0-0: Ball
1-0: Ball
2-0: Called Strike
2-1: Foul Ball, location: 2F
2-2: Ground out 3-1 (Groundball, 34S, EV 67.5 MPH)
Batting: RHB Rich Thurman 0-0: Swinging Strike
0-1: Ball
1-1: Ball
2-1: Foul Ball, location: 2F
2-2: Strikes out swinging
Batting: LHB Matt Patnaude 0-0: Called Strike
0-1: Foul Ball, location: 2F
0-2: Ball
1-2: Ball
2-2: Ball
3-2: Foul Ball, location: 2F
3-2: Base on Balls
Batting: RHB Dale Aubrey 0-0: Called Strike
Matt Patnaude steals 2nd base
0-1: Swinging Strike
0-2: Ball
1-2: Ground out 6-3 (Groundball, 6S, EV 78.8 MPH)
Bottom of the 1st over - 0 runs, 0 hits, 0 errors, 1 left on base; Everett 0 - Spokane 0
TOP OF THE 2ND
Everett AquaSox batting - Pitching for Spokane Indians : RHP Derek White
Batting: RHB Ivan Davila 0-0: Ball
1-0: Ball
2-0: Foul Ball, location: 2F
2-1: Foul Ball, location: 2F
2-2: Strikes out swinging
Batting: SHB Tony Morales 0-0: Called Strike
0-1: Foul Ball, location: 2F
0-2: Foul Ball, location: 2F
0-2: Foul Ball, location: 2F
0-2: Ball
1-2: Foul Ball, location: 2F
1-2: SINGLE (Line Drive, 89M, EV 93.1 MPH)
Batting: RHB Antonio Oyola 0-0: Called Strike
Tony Morales steals 2nd base
0-1: SINGLE (Flyball, 8LS, EV 88.1 MPH)
Tony Morales to third
Batting: SHB Raghnall Ahearne 0-0: Foul Ball, location: 2F
0-1: Ball
1-1: Hit by Pitch
Antonio Oyola to second
Batting: RHB Sal Cervantes 0-0: Ball
1-0: Grounds into double play, 6-4-3 (Groundball, 6, EV 102.5 MPH)
Top of the 2nd over - 0 runs, 2 hits, 0 errors, 2 left on base; Everett 0 - Spokane 0
BOTTOM OF THE 2ND
Spokane Indians batting - Pitching for Everett AquaSox : RHP Mike Watkins
Batting: RHB Kevin Whitenack 0-0: Ball
1-0: Ball
2-0: Ball
3-0: Called Strike
3-1: Base on Balls
Batting: RHB Victor Moya 0-0: Ball
1-0: Called Strike
1-1: Ball
2-1: Ball
3-1: Foul Ball, location: 2F
3-2: Fielders Choice at 2nd, 6-4 (Groundball, 6, EV 106.9 MPH)
Batting: RHB Tony Rivera 0-0: Called Strike
Victor Moya steals 2nd, throwing error, E2
Victor Moya to third
0-1: SINGLE (Line Drive, 9S, EV 111.9 MPH)
Victor Moya scores
Batting: RHB Mike Strey 0-0: Called Strike
0-1: Grounds into double play, 6-4-3 (Groundball, 6, EV 83.1 MPH)
Bottom of the 2nd over - 1 run, 1 hit, 1 error, 0 left on base; Everett 0 - Spokane 1
TOP OF THE 3RD
Everett AquaSox batting - Pitching for Spokane Indians : RHP Derek White
Batting: RHB Egidius Kruger 0-0: Ball
1-0: Ball
2-0: Ball
3-0: Foul Ball, location: 2F
3-1: Called Strike
3-2: Strikes out swinging
Batting: RHB John Vasquez 0-0: Called Strike
0-1: Bunted foul
0-2: Reached on error, E4 (Groundball, 4, EV 79.4 MPH)
Batting: RHB Tomokazu Sugimoto 0-0: Ball
1-0: Ball
John Vasquez steals 2nd base
2-0: Ball
3-0: Called Strike
3-1: DOUBLE (Groundball, 5L, EV 108.1 MPH)
John Vasquez scores
Batting: RHB Bryan Alfaro 0-0: Swinging Strike
0-1: Ball
1-1: Fly out, F8 (Flyball, 8RD, EV 91.2 MPH)
Runner from 2nd tags up, SAFE at 3rd with throw by CF
Batting: RHB Ivan Davila 0-0: Ball
Passed Ball!
Tomokazu Sugimoto scores
1-0: Foul Ball, location: 2F
1-1: Ball
2-1: Foul Ball, location: 2F
2-2: Ball
3-2: Foul Ball, location: 2F
3-2: Base on Balls
Batting: SHB Tony Morales 0-0: Ball
1-0: Ground out 6-3 (Groundball, P, EV 83.1 MPH)
Top of the 3rd over - 2 runs, 1 hit, 1 error, 1 left on base; Everett 2 - Spokane 1
BOTTOM OF THE 3RD
Spokane Indians batting - Pitching for Everett AquaSox : RHP Mike Watkins
Batting: RHB Gabe Almazan 0-0: Called Strike
0-1: Foul Ball, location: 2F
0-2: Ball
1-2: Ball
2-2: Fly out, F8 (Flyball, 8LXD, EV 98.1 MPH)
Batting: LHB Sumiki Okuhara 0-0: Called Strike
0-1: Foul Ball, location: 2F
0-2: Foul Ball, location: 2F
0-2: Strikes out swinging
Batting: RHB Rich Thurman 0-0: Swinging Strike
0-1: Ball
1-1: Swinging Strike
1-2: Ball
2-2: SINGLE (Groundball, 56, EV 102.5 MPH) (infield hit)
Batting: LHB Matt Patnaude 0-0: Called Strike
0-1: Foul Ball, location: 2F
0-2: Ground out 4-3 (Groundball, 4, EV 86.2 MPH)
Bottom of the 3rd over - 0 runs, 1 hit, 0 errors, 1 left on base; Everett 2 - Spokane 1
TOP OF THE 4TH
Everett AquaSox batting - Pitching for Spokane Indians : RHP Derek White
Batting: RHB Antonio Oyola 0-0: Called Strike
0-1: Called Strike
0-2: Ball
1-2: Ball
2-2: Strikes out looking
Batting: SHB Raghnall Ahearne 0-0: Ground out U3 (Groundball, 3L, EV 103.1 MPH)
Batting: RHB Sal Cervantes 0-0: Ball
1-0: Foul Ball, location: 2F
1-1: Foul Ball, location: 2F
1-2: SINGLE (Groundball, 25, EV 76.2 MPH) (infield hit)
Pinch Runner at 1st Rich Justice:
Batting: RHB Egidius Kruger 0-0: Ball
1-0: Foul Ball, location: 2F
1-1: Called Strike
1-2: Strikes out swinging
Top of the 4th over - 0 runs, 1 hit, 0 errors, 1 left on base; Everett 2 - Spokane 1
BOTTOM OF THE 4TH
Spokane Indians batting - Pitching for Everett AquaSox : RHP Mike Watkins
Now at 3B: Rich Justice
Batting: RHB Dale Aubrey 0-0: Ball
1-0: Ball
2-0: Ball
3-0: Base on Balls
Batting: RHB Kevin Whitenack 0-0: Ball
1-0: Swinging Strike
1-1: Foul Ball, location: 2F
1-2: Ball
2-2: Strikes out swinging
Batting: RHB Victor Moya 0-0: Called Strike
Dale Aubrey steals 2nd base
0-1: Ground out 6-3 (Groundball, 6, EV 91.2 MPH)
Dale Aubrey to third
Batting: RHB Tony Rivera 0-0: Foul Ball, location: 2F
0-1: Fly out, F7 (Flyball, 78S, EV 81.2 MPH)
Bottom of the 4th over - 0 runs, 0 hits, 0 errors, 1 left on base; Everett 2 - Spokane 1
TOP OF THE 5TH
Everett AquaSox batting - Pitching for Spokane Indians : RHP Derek White
Batting: RHB John Vasquez 0-0: Fly out, F9 (Flyball, 9D, EV 86.9 MPH)
Batting: RHB Tomokazu Sugimoto 0-0: Called Strike
0-1: Ball
1-1: Fly out, F9 (Flyball, 9S, EV 93.8 MPH)
Batting: RHB Bryan Alfaro 0-0: Ball
1-0: Foul Ball, location: 2F
1-1: Called Strike
1-2: Strikes out looking
Top of the 5th over - 0 runs, 0 hits, 0 errors, 0 left on base; Everett 2 - Spokane 1
BOTTOM OF THE 5TH
Spokane Indians batting - Pitching for Everett AquaSox : RHP Mike Watkins
Batting: RHB Mike Strey 0-0: Called Strike
0-1: Ball
1-1: Ball
2-1: Ball
3-1: Fly out, F9 (Flyball, 89D, EV 96.9 MPH)
Batting: RHB Gabe Almazan 0-0: Swinging Strike
0-1: Ball
1-1: Ball
2-1: Ball
3-1: Called Strike
3-2: Fly out, F4 (Popup, 4M, EV 70.0 MPH)
Pitching: RHP Adam Fair
Batting: LHB Sumiki Okuhara 0-0: Ball
1-0: Ball
2-0: Swinging Strike
2-1: Ball
3-1: Called Strike
3-2: SINGLE (Flyball, 4D, EV 86.9 MPH)
Batting: RHB Rich Thurman
Pinch Hitting: LHB Brian Gray 0-0: Ball
1-0: Called Strike
1-1: Foul Ball, location: 2F
1-2: Foul Ball, location: 2F
1-2: Strikes out swinging
Bottom of the 5th over - 0 runs, 1 hit, 0 errors, 1 left on base; Everett 2 - Spokane 1
TOP OF THE 6TH
Everett AquaSox batting - Pitching for Spokane Indians : RHP Derek White
Now at 1B: Brian Gray
Now at 3B: Victor Moya
Batting: RHB Ivan Davila 0-0: Called Strike
0-1: Ground out 5-3 (Groundball, 56, EV 83.8 MPH)
Batting: SHB Tony Morales 0-0: Ball
1-0: Ground out 4-3 (Groundball, 4, EV 109.4 MPH)
Batting: RHB Antonio Oyola 0-0: Ball
1-0: Foul Ball, location: 2F
1-1: Ball
2-1: Swinging Strike
2-2: Ball
3-2: Ground out 6-3 (Groundball, 6, EV 88.8 MPH)
Top of the 6th over - 0 runs, 0 hits, 0 errors, 0 left on base; Everett 2 - Spokane 1
BOTTOM OF THE 6TH
Spokane Indians batting - Pitching for Everett AquaSox : RHP Adam Fair
Batting: LHB Matt Patnaude 0-0: Ball
1-0: Foul Ball, location: 2F
1-1: SINGLE (Groundball, 4MS, EV 69.4 MPH) (infield hit)
Batting: RHB Dale Aubrey 0-0: Called Strike
0-1: Foul Ball, location: 2F
0-2: Ball
1-2: Foul Ball, location: 2F
1-2: Ball
2-2: Ball
3-2: Foul Ball, location: 2F
3-2: Fly out, F9 (Flyball, 9D, EV 83.1 MPH)
Batting: RHB Kevin Whitenack 0-0: Ball
1-0: Foul Ball, location: 2F
1-1: Called Strike
1-2: Ball
2-2: Fly out, F7 (Line Drive, 7LM, EV 100.0 MPH)
Pinch Hitting: SHB David Simpson 0-0: Ball
1-0: Ball
2-0: Called Strike
2-1: Foul Ball, location: 2F
2-2: Foul Ball, location: 2F
2-2: Foul Ball, location: 2F
2-2: Strikes out swinging
Bottom of the 6th over - 0 runs, 1 hit, 0 errors, 1 left on base; Everett 2 - Spokane 1
TOP OF THE 7TH
Everett AquaSox batting - Pitching for Spokane Indians : RHP Derek White
Now at 3B: David Simpson
Batting: SHB Raghnall Ahearne 0-0: Swinging Strike
0-1: Ball
1-1: Ball
2-1: DOUBLE (Line Drive, 89D, EV 112.5 MPH)
Batting: RHB Rich Justice 0-0: Intentional Walk
Batting: RHB Egidius Kruger 0-0: Called Strike
0-1: Ball
1-1: Grounds into double play, 6-4-3 (Groundball, 6, EV 86.9 MPH)
Raghnall Ahearne to third
Batting: RHB John Vasquez 0-0: Swinging Strike
0-1: TRIPLE (Line Drive, 9LD, EV 103.8 MPH)
Raghnall Ahearne scores
Batting: RHB Tomokazu Sugimoto 0-0: Called Strike
0-1: Ball
1-1: Ball
2-1: Called Strike
2-2: Ball
3-2: Fly out, F7 (Line Drive, 78M, EV 102.5 MPH)
Top of the 7th over - 1 run, 2 hits, 0 errors, 1 left on base; Everett 3 - Spokane 1
BOTTOM OF THE 7TH
Spokane Indians batting - Pitching for Everett AquaSox : RHP Adam Fair
Batting: RHB Tony Rivera 0-0: Ball
1-0: Ball
2-0: Ball
3-0: Called Strike
3-1: Foul Ball, location: 2F
3-2: Strikes out looking
Batting: RHB Mike Strey 0-0: Fly out, F9 (Flyball, 9, EV 89.4 MPH)
Batting: RHB Gabe Almazan 0-0: Called Strike
0-1: Ball
1-1: Ball
2-1: Called Strike
2-2: Strikes out swinging
Bottom of the 7th over - 0 runs, 0 hits, 0 errors, 0 left on base; Everett 3 - Spokane 1
TOP OF THE 8TH
Everett AquaSox batting - Pitching for Spokane Indians : RHP Derek White
Pitching: RHP John Carbonneau
Batting: RHB Bryan Alfaro 0-0: Called Strike
0-1: Ball
1-1: Swinging Strike
1-2: Ball
2-2: SOLO HOME RUN (Line Drive, 78XD, EV 109.4 MPH), Distance : 409 ft
Batting: RHB Ivan Davila 0-0: Foul Ball, location: 2F
0-1: Called Strike
0-2: Ball
1-2: Ball
2-2: Strikes out swinging
Batting: SHB Tony Morales 0-0: Ball
1-0: Ball
2-0: Ball
3-0: Called Strike
3-1: Ground out 4-3 (Groundball, 4M, EV 103.1 MPH)
Batting: RHB Antonio Oyola 0-0: Ball
1-0: Swinging Strike
1-1: Swinging Strike
1-2: Strikes out swinging
Top of the 8th over - 1 run, 1 hit, 0 errors, 0 left on base; Everett 4 - Spokane 1
BOTTOM OF THE 8TH
Spokane Indians batting - Pitching for Everett AquaSox : RHP Adam Fair
Batting: LHB Sumiki Okuhara 0-0: Ball
1-0: TRIPLE (Flyball, 89XD, EV 102.5 MPH)
Pitching: LHP Kevin Roberts
Pinch Hitting: RHB Melvin Gomez 0-0: SINGLE (Groundball, 6MD, EV 103.8 MPH)
Sumiki Okuhara scores
Pinch Hitting: RHB Matthew Starr 0-0: Called Strike
0-1: Ball
1-1: Foul Ball, location: 2F
1-2: 2-RUN HOME RUN (Flyball, 9D, EV 101.2 MPH), Distance : 399 ft
Batting: RHB Dale Aubrey 0-0: Called Strike
0-1: Ball
1-1: Called Strike
1-2: Foul Ball, location: 2F
1-2: Ball
2-2: Foul Ball, location: 2F
2-2: Ground out 4-3 (Groundball, 4M, EV 87.5 MPH)
Batting: RHB Kevin Whitenack 0-0: Foul Ball, location: 2F
0-1: Ball
1-1: Ball
2-1: Foul Ball, location: 2F
2-2: Ball
3-2: SINGLE (Groundball, 56D, EV 108.8 MPH)
Batting: SHB David Simpson 0-0: Called Strike
Kevin Whitenack steals 2nd base
0-1: Ball
1-1: TRIPLE (Line Drive, 89XD, EV 107.5 MPH)
Kevin Whitenack scores
Batting: RHB Tony Rivera 0-0: Ball
1-0: Ball
2-0: Ground out 6-3 (Groundball, 6, EV 79.4 MPH)
Batting: RHB Mike Strey 0-0: Fly out, F3 (Line Drive, 3, EV 68.8 MPH)
Bottom of the 8th over - 4 runs, 5 hits, 0 errors, 1 left on base; Everett 4 - Spokane 5
TOP OF THE 9TH
Everett AquaSox batting - Pitching for Spokane Indians : RHP John Carbonneau
Pitching: RHP Arturo Vargas
Now at 1B: Melvin Gomez
Now in LF: Sumiki Okuhara
Now in RF: Ron Corn
Batting: SHB Raghnall Ahearne 0-0: Ball
1-0: Called Strike
1-1: Fly out, F8 (Flyball, 8RS, EV 90.0 MPH)
Batting: RHB Rich Justice 0-0: Called Strike
0-1: Ball
1-1: Ball
2-1: Swinging Strike
2-2: Foul Ball, location: 2F
2-2: Foul Ball, location: 2F
2-2: Strikes out swinging
Batting: RHB Egidius Kruger 0-0: Fly out, F2 (Popup, 15S, EV 89.4 MPH)
Top of the 9th over - 0 runs, 0 hits, 0 errors, 0 left on base; Everett 4 - Spokane 5
Sunday, July 16th , 2023 - OOTP Baseball 24.6 Build 69